BSA
IRVINE GANG GREEN @ BAFFIN ISLAND BEAVERS
09/09/2029
 
TOP OF THE 1ST
Irvine Gang Green batting - Pitching for Baffin Island Beavers : LHP Braydon Schute
Pitching: LHP Braydon Schute
Batting: RHB Tom Doherty 0-0: Called Strike
0-1: Foul Ball, location: 2F
0-2: Ball
1-2: Ball
2-2: Foul Ball, location: 2F
2-2: Ball
3-2: DOUBLE (Groundball, 5L)
Batting: RHB Ron Elazar 0-0: Ball
1-0: Ground out 6-3 (Groundball, 6)
Batting: RHB José Salazar 0-0: Called Strike
0-1: Ground out 4-3 (Groundball, 4M)
Tom Doherty to third
Batting: LHB Leonardo Medina 0-0: Foul Ball, location: 2F
0-1: Ball
1-1: Foul Ball, location: 2F
1-2: Ball
2-2: Foul Ball, location: 2F
2-2: Strikes out swinging
Top of the 1st over - 0 runs, 1 hit, 0 errors, 1 left on base; Irvine 0 - Baffin Island 0
BOTTOM OF THE 1ST
Baffin Island Beavers batting - Pitching for Irvine Gang Green : RHP Mike Marrero
Pitching: RHP Mike Marrero
Batting: RHB Lawrence Yates 0-0: Called Strike
0-1: Ball
1-1: Foul Ball, location: 2F
1-2: Ball
2-2: Foul Ball, location: 2F
2-2: Ball
3-2: Strikes out looking
Batting: SHB Alonso Ferreira 0-0: Ball
1-0: Fly out, F8 (Line Drive, 8RXD)
Batting: RHB Dave Craig 0-0: Called Strike
0-1: Ball
1-1: Ball
2-1: Ball
3-1: Base on Balls
Batting: RHB Tony Morton Pickoff Throw to First - Error! E1
Dave Craig to second
0-0: Called Strike
0-1: Called Strike
0-2: Fly out, F6 (Popup, P)
Bottom of the 1st over - 0 runs, 0 hits, 1 error, 1 left on base; Irvine 0 - Baffin Island 0
TOP OF THE 2ND
Irvine Gang Green batting - Pitching for Baffin Island Beavers : LHP Braydon Schute
Batting: RHB Eduardo García 0-0: Called Strike
0-1: Ball
1-1: Foul Ball, location: 2F
1-2: Foul Ball, location: 2F
1-2: SINGLE (Line Drive, 7LM)
Batting: LHB Francisco Cardenas 0-0: Ball
1-0: Called Strike
1-1: Swinging Strike
1-2: Strikes out swinging
Batting: RHB Jorge Barbosa 0-0: SINGLE (Flyball, 78S)
Eduardo García to second
Batting: RHB Don Hooper 0-0: Called Strike
0-1: Ball
1-1: SINGLE (Groundball, 6MD)
Eduardo García to third
Jorge Barbosa to second
Runner from 3rd tries for Home, SAFE, no throw
Batting: LHB Tony Tavárez 0-0: Ball
1-0: Called Strike
1-1: Foul Ball, location: 2F
1-2: Ball
2-2: Grounds into double play, 4-6-3 (Groundball, 4)
Top of the 2nd over - 1 run, 3 hits, 0 errors, 1 left on base; Irvine 1 - Baffin Island 0
BOTTOM OF THE 2ND
Baffin Island Beavers batting - Pitching for Irvine Gang Green : RHP Mike Marrero
Batting: LHB Howard Evans 0-0: Ball
1-0: Fly out, F2 (Popup, 13S)
Batting: LHB Lorenzo Villa 0-0: Ball
1-0: SINGLE (Flyball, 9S)
Batting: LHB Eric Wheeler 0-0: Ball
1-0: Ball
2-0: Called Strike
2-1: Foul Ball, location: 2F
2-2: Foul Ball, location: 2F
2-2: Ball
3-2: Foul Ball, location: 2F
3-2: DOUBLE (Line Drive, 89D)
Lorenzo Villa to third
Pinch Runner at 2nd César Valentín:
Batting: RHB Pedro Molina 0-0: Ball
1-0: Ball
2-0: Ground out 1-3 (Groundball, P)
Batting: RHB Jonathan MacVey 0-0: Called Strike
0-1: Called Strike
0-2: Fly out, F9 (Flyball, 89S)
Bottom of the 2nd over - 0 runs, 2 hits, 0 errors, 2 left on base; Irvine 1 - Baffin Island 0
TOP OF THE 3RD
Irvine Gang Green batting - Pitching for Baffin Island Beavers : LHP Braydon Schute
Now in LF: César Valentín
Batting: RHB Tom Doherty 0-0: Ball
1-0: Ball
2-0: Swinging Strike
2-1: Foul Ball, location: 2F
2-2: Foul Ball, location: 2F
2-2: Ground out 6-3 (Groundball, 56)
Batting: RHB Ron Elazar 0-0: Ball
1-0: Ball
2-0: Foul Ball, location: 2F
2-1: Foul Ball, location: 2F
2-2: Foul Ball, location: 2F
2-2: Ball
3-2: SINGLE (Groundball, 5D)
Batting: RHB José Salazar 0-0: Ball
1-0: Called Strike
1-1: Foul Ball, location: 2F
1-2: Ground out 6-3 (Groundball, 6)
Ron Elazar to second
Batting: LHB Leonardo Medina 0-0: Called Strike
0-1: Called Strike
0-2: Ball
1-2: Fly out, F9 (Flyball, 9LS)
Top of the 3rd over - 0 runs, 1 hit, 0 errors, 1 left on base; Irvine 1 - Baffin Island 0
BOTTOM OF THE 3RD
Baffin Island Beavers batting - Pitching for Irvine Gang Green : RHP Mike Marrero
Batting: RHB Lawrence Yates 0-0: Ball
1-0: Foul Ball, location: 2F
1-1: Ground out 3-1 (Groundball, 34S)
Batting: SHB Alonso Ferreira 0-0: Ball
1-0: Called Strike
1-1: Ball
2-1: Called Strike
2-2: Ball
3-2: SINGLE (Groundball, 56D)
Batting: RHB Dave Craig 0-0: Ball
1-0: Ball
2-0: Ball
3-0: Base on Balls
Alonso Ferreira to second
Batting: RHB Tony Morton 0-0: Called Strike
0-1: Ball
1-1: Fly out, F9 (Flyball, 9LM)
Batting: LHB Howard Evans 0-0: Ball
1-0: Ball
2-0: Called Strike
2-1: Called Strike
2-2: Foul Ball, location: 2F
2-2: Ball
3-2: Foul Ball, location: 2F
3-2: Foul Ball, location: 2F
3-2: Strikes out looking
Bottom of the 3rd over - 0 runs, 1 hit, 0 errors, 2 left on base; Irvine 1 - Baffin Island 0
TOP OF THE 4TH
Irvine Gang Green batting - Pitching for Baffin Island Beavers : LHP Braydon Schute
Batting: RHB Eduardo García 0-0: Ball
1-0: Called Strike
1-1: Fly out, F7 (Flyball, 7LS)
Batting: LHB Francisco Cardenas 0-0: Swinging Strike
0-1: Foul Ball, location: 2F
0-2: Ball
1-2: Ball
2-2: Ball
3-2: Foul Ball, location: 2F
3-2: Strikes out looking
Batting: RHB Jorge Barbosa 0-0: Called Strike
0-1: DOUBLE (Line Drive, 78XD)
Batting: RHB Don Hooper 0-0: Ball
1-0: Foul Ball, location: 2F
1-1: Ball
2-1: Foul Ball, location: 2F
2-2: Strikes out swinging
Top of the 4th over - 0 runs, 1 hit, 0 errors, 1 left on base; Irvine 1 - Baffin Island 0
BOTTOM OF THE 4TH
Baffin Island Beavers batting - Pitching for Irvine Gang Green : RHP Mike Marrero
Batting: LHB Lorenzo Villa 0-0: Fly out, F5 (Popup, 5F)
Batting: LHB César Valentín 0-0: SINGLE (Groundball, 4MS) (infield hit)
Batting: RHB Pedro Molina 0-0: Called Strike
0-1: Ball
1-1: Ball
2-1: Grounds into double play, 6-4-3 (Groundball, 6)
Bottom of the 4th over - 0 runs, 1 hit, 0 errors, 0 left on base; Irvine 1 - Baffin Island 0
TOP OF THE 5TH
Irvine Gang Green batting - Pitching for Baffin Island Beavers : LHP Braydon Schute
Batting: LHB Tony Tavárez 0-0: Called Strike
0-1: Ball
1-1: Fly out, F8 (Flyball, 8LD)
Batting: RHB Tom Doherty 0-0: Called Strike
0-1: SOLO HOME RUN (Flyball, 9D), Distance : 432 ft
Batting: RHB Ron Elazar 0-0: Called Strike
0-1: Foul Ball, location: 2F
0-2: Ball
1-2: Foul Ball, location: 2F
1-2: Strikes out swinging
Batting: RHB José Salazar 0-0: Ball
1-0: Foul Ball, location: 2F
1-1: Swinging Strike
1-2: Ball
2-2: Foul Ball, location: 2F
2-2: Ball
3-2: DOUBLE (Flyball, 78D)
Pitching: RHP Thierry Garneau
Batting: LHB Leonardo Medina 0-0: Intentional Walk
Batting: RHB Eduardo García 0-0: Called Strike
0-1: Foul Ball, location: 2F
0-2: Foul Ball, location: 2F
0-2: Ball
1-2: Ball
2-2: Ball
3-2: Foul Ball, location: 2F
3-2: Foul Ball, location: 2F
3-2: Ground out 5-3 (Groundball, 56)
Top of the 5th over - 1 run, 2 hits, 0 errors, 2 left on base; Irvine 2 - Baffin Island 0
BOTTOM OF THE 5TH
Baffin Island Beavers batting - Pitching for Irvine Gang Green : RHP Mike Marrero
Batting: RHB Jonathan MacVey 0-0: Called Strike
0-1: Ground out 5-3 (Groundball, 5)
Batting: RHB Lawrence Yates 0-0: Foul Ball, location: 2F
0-1: Ball
1-1: Called Strike
1-2: Hit by Pitch
Batting: SHB Alonso Ferreira 0-0: Fielders Choice at 2nd, 3-6 (Groundball, 3)
Batting: RHB Dave Craig 0-0: Foul Ball, location: 2F
0-1: Ball
1-1: Ball
2-1: Fly out, F6 (Flyball, 6D)
Bottom of the 5th over - 0 runs, 0 hits, 0 errors, 1 left on base; Irvine 2 - Baffin Island 0
TOP OF THE 6TH
Irvine Gang Green batting - Pitching for Baffin Island Beavers : RHP Thierry Garneau
Batting: LHB Francisco Cardenas 0-0: Foul Ball, location: 2F
0-1: Ball
1-1: Swinging Strike
1-2: Foul Ball, location: 2F
1-2: Ball
2-2: Ball
3-2: Fly out, F7 (Flyball, 78S)
Batting: RHB Jorge Barbosa 0-0: Fly out, F9 (Flyball, 9)
Batting: RHB Don Hooper 0-0: Ball
1-0: Ball
2-0: Ball
3-0: Called Strike
3-1: Fly out, F6 (Line Drive, 6)
Top of the 6th over - 0 runs, 0 hits, 0 errors, 0 left on base; Irvine 2 - Baffin Island 0
BOTTOM OF THE 6TH
Baffin Island Beavers batting - Pitching for Irvine Gang Green : RHP Mike Marrero
Batting: RHB Tony Morton 0-0: Ball
1-0: Ball
2-0: Called Strike
2-1: Foul Ball, location: 2F
2-2: Ball
3-2: SINGLE (Flyball, 89M)
Batting: LHB Howard Evans 0-0: Called Strike
0-1: Ball
Wild Pitch!
Tony Morton to second
1-1: Called Strike
1-2: Fly out, F7 (Flyball, 78XD)
Runner from 2nd tags up, SAFE at 3rd, no throw
Batting: LHB Lorenzo Villa 0-0: Called Strike
0-1: Foul Ball, location: 2F
0-2: Ball
1-2: Ground out 4-3 (Groundball, 4)
Batting: LHB César Valentín 0-0: Called Strike
0-1: Ball
1-1: Fly out, F7 (Line Drive, 7)
Bottom of the 6th over - 0 runs, 1 hit, 0 errors, 1 left on base; Irvine 2 - Baffin Island 0
TOP OF THE 7TH
Irvine Gang Green batting - Pitching for Baffin Island Beavers : RHP Thierry Garneau
Pitching: LHP Roberto Barrón
Batting: LHB Tony Tavárez 0-0: Called Strike
0-1: Called Strike
0-2: Ball
1-2: Ball
2-2: Ground out U3 (Groundball, 34S)
Pitching: LHP Tom Miller
Batting: RHB Tom Doherty 0-0: Ball
1-0: Foul Ball, location: 2F
1-1: Ball
2-1: Ball
3-1: Base on Balls
Batting: RHB Ron Elazar 0-0: Called Strike
0-1: Swinging Strike
0-2: Ball
1-2: Fielders Choice at 2nd, 5-4 (Groundball, 56)
Batting: RHB José Salazar 0-0: Ball
Ron Elazar is caught stealing 2nd base
Top of the 7th over - 0 runs, 0 hits, 0 errors, 0 left on base; Irvine 2 - Baffin Island 0
BOTTOM OF THE 7TH
Baffin Island Beavers batting - Pitching for Irvine Gang Green : RHP Mike Marrero
Batting: RHB Pedro Molina 0-0: Ball
1-0: Ball
2-0: Ball
3-0: Called Strike
3-1: Foul Ball, location: 2F
3-2: Ground out 6-3 (Groundball, 6D)
Batting: RHB Jonathan MacVey 0-0: Ball
1-0: Called Strike
1-1: Ground out 6-3 (Groundball, 6)
Batting: RHB Lawrence Yates 0-0: Ball
1-0: Fly out, F9 (Line Drive, 9S)
Bottom of the 7th over - 0 runs, 0 hits, 0 errors, 0 left on base; Irvine 2 - Baffin Island 0
TOP OF THE 8TH
Irvine Gang Green batting - Pitching for Baffin Island Beavers : LHP Tom Miller
Batting: RHB José Salazar 0-0: Ball
1-0: Foul Ball, location: 2F
1-1: Ball
2-1: Ball
3-1: Foul Ball, location: 2F
3-2: Base on Balls
Batting: LHB Leonardo Medina 0-0: Swinging Strike
0-1: Ball
1-1: Fly out, F9 (Flyball, 89M)
Batting: RHB Eduardo García 0-0: Ball
1-0: Swinging Strike
1-1: Foul Ball, location: 2F
1-2: Ball
2-2: Ball
3-2: Strikes out swinging
José Salazar is caught stealing 2nd base
Batter strikes out.
Top of the 8th over - 0 runs, 0 hits, 0 errors, 0 left on base; Irvine 2 - Baffin Island 0
BOTTOM OF THE 8TH
Baffin Island Beavers batting - Pitching for Irvine Gang Green : RHP Mike Marrero
Now in LF: Tyler Wagner
Batting: SHB Alonso Ferreira 0-0: Ball
1-0: Ball
2-0: Swinging Strike
2-1: Ball
3-1: Base on Balls
Pitching: RHP Jun Kawashima
Batting: RHB Dave Craig 0-0: Ball
1-0: Ball
2-0: Ball
3-0: Base on Balls
Alonso Ferreira to second
Batting: RHB Tony Morton 0-0: Called Strike
0-1: Ball
1-1: Called Strike
1-2: Strikes out swinging
Pitching: LHP Yu-shu Kong
Pinch Hitting: RHB Alberto Hernández 0-0: Fly out, F7 (Line Drive, 78D)
Batting: LHB Lorenzo Villa 0-0: Ball
1-0: Swinging Strike
1-1: Foul Ball, location: 2F
1-2: Foul Ball, location: 2F
1-2: Strikes out swinging
Bottom of the 8th over - 0 runs, 0 hits, 0 errors, 2 left on base; Irvine 2 - Baffin Island 0
TOP OF THE 9TH
Irvine Gang Green batting - Pitching for Baffin Island Beavers : LHP Tom Miller
Now at 1B: Alberto Hernández
Batting: LHB Francisco Cardenas 0-0: Called Strike
0-1: Ground out 5-3 (Groundball, 5)
Batting: RHB Jorge Barbosa 0-0: Called Strike
0-1: SINGLE (Groundball, 6MD)
Batting: RHB Don Hooper 0-0: Ball
1-0: Ball
2-0: Ball
3-0: Called Strike
3-1: Swinging Strike
3-2: Base on Balls
Jorge Barbosa to second
Pinch Hitting: RHB Buck Jones 0-0: Ball
1-0: Foul Ball, location: 2F
1-1: SINGLE (Flyball, 7LS)
Jorge Barbosa to third
Don Hooper to second
Batting: RHB Tom Doherty 0-0: Called Strike
0-1: Ball
1-1: Ball
2-1: Foul Ball, location: 2F
2-2: Ball
3-2: Base on Balls
Jorge Barbosa scores
Don Hooper to third
Buck Jones to second
Batting: RHB Ron Elazar 0-0: Called Strike
0-1: Called Strike
0-2: Strikes out swinging
Batting: RHB José Salazar 0-0: Foul Ball, location: 2F
0-1: Foul Ball, location: 2F
0-2: Ball
1-2: Foul Ball, location: 2F
1-2: Fielders Choice at 2nd, 6-4 (Groundball, 6)
Top of the 9th over - 1 run, 2 hits, 0 errors, 3 left on base; Irvine 3 - Baffin Island 0
BOTTOM OF THE 9TH
Baffin Island Beavers batting - Pitching for Irvine Gang Green : LHP Yu-shu Kong
Now in CF: Buck Jones
Batting: LHB César Valentín 0-0: Called Strike
0-1: Ball
1-1: Ball
2-1: Ball
3-1: Called Strike
3-2: Ground out 4-3 (Groundball, 4)
Pitching: RHP Dae-hee Ch'oe
Batting: RHB Pedro Molina 0-0: Ball
1-0: Called Strike
1-1: Ground out 1-3 (Groundball, P)
Batting: RHB Jonathan MacVey 0-0: Ball
1-0: Ball
2-0: Ground out 6-3 (Groundball, 56)
Bottom of the 9th over - 0 runs, 0 hits, 0 errors, 0 left on base; Irvine 3 - Baffin Island 0
Saturday, December 16th, 2017 - OOTP Baseball 18.8 Build 76